 Dungeon Sprint DCSS version 0.31.0-32-g396128a36d (webtiles) character file.

Game seed: 8318917007122670711

358 Heoruswealwe the Spear-Bearer (level 6, -3/63 HPs)
             Began as a Minotaur Fighter on Apr 4, 2024.
             Was an Initiate of Gozag.
             Slain by a gnoll sergeant
             ... wielding a +0 spear
              (5 damage)
             ... in the Dungeon (Sprint IX: "|||||||||||||||||||||||||||||").
             The game lasted 00:00:57 (113 turns).

Heoruswealwe the Spear-Bearer (Minotaur Fighter)     Turns: 113, Time: 00:00:57

Health: -3/63      AC:  8    Str: 22    XL:     6   Next: 37%
Magic:  5/5        EV:  9    Int:  5    God:    Gozag
Gold:   0          SH:  4    Dex: 10    Spells: 5/5 levels left

rFire   . . .        a - +0 trident
rCold   . . .        d - +0 buckler
rNeg    . . .        c - +0 scale mail
rPois   .            (helmet restricted)
rElec   .            (no cloak)
rCorr   .            (no gloves)
SInv    .            (no boots)
Will    .....        (no amulet) Stlth
                     (no ring)
HPRegen 0.30/turn    (no ring)
MPRegen 0.09/turn

%: no teleportation
@: gold aura
A: horns 2, retaliatory headbutt
a: Renounce Religion, Potion Petition, Call Merchant, Bribe Branch


You were in the Dungeon.
You worshipped Gozag.
Gozag was noncommittal.
You visited 1 branch

Inventory:

Hand Weapons
 a - a +0 trident (weapon)
Armour
 c - a +0 scale mail (worn)
 d - a +0 buckler (worn)
Jewellery
 k - a +3 ring of intelligence
 l - a +3 ring of intelligence
Wands
 h - a wand of quicksilver (10)
Scrolls
 j - 2 scrolls of blinking
Potions
 b - a potion of might
 e - 5 potions of curing
 f - 3 potions of heal wounds
 g - a potion of haste
 i - a potion of berserk rage


   Skills:
 + Level 9.0 Fighting
 * Level 11.7 Polearms
 + Level 9.0 Armour
 - Level 3.6 Shields


You had 5 spell levels left.
You didn't know any spells.
Your spell library was empty.

Dungeon Overview and Level Annotations

Branches:
Dungeon (1/1)

Altars:
Cheibriados
Dithmenos
Elyvilon
Fedhas
Gozag
Hepliaklqana
Kikubaaqudgha
Makhleb
Nemelex Xobeh
Okawaru
Qazlal
Ru
Sif Muna
Trog
Uskayaw
Vehumet
Wu Jian
Xom
Yredelemnul
Zin
The Shining One
Jiyva
Lugonu


Innate Abilities, Weirdness & Mutations

You have a pair of horns on your head.
You reflexively headbutt those who attack you in melee.


Message History

You closely miss the orc warrior. Your headbutt misses the orc warrior.
The orc warrior is moderately wounded.
You completely miss the orc warrior.
The orc warrior is moderately wounded.
The orc warrior hits you with a +0 war axe!
* * * LOW HITPOINT WARNING * * *
You hit the orc warrior. You headbutt the orc warrior.
The orc warrior is heavily wounded.
The orc warrior barely misses you.
You puncture the orc warrior! You headbutt the orc warrior.
You kill the orc warrior!
Your Fighting skill increases to level 8!
Your Polearms skill increases to level 11!
Your Armour skill increases to level 8!
You have reached level 6!
You closely miss the killer bee. The killer bee stings you.
* * * LOW HITPOINT WARNING * * *
You hit the killer bee but do no damage.
The killer bee closely misses you. You furiously retaliate!
You headbutt the killer bee!
The gnoll sergeant hits you but does no damage.
The killer bee barely misses you. You furiously retaliate!
You headbutt the killer bee. You miss the killer bee.
Your headbutt misses the killer bee.
The killer bee is severely wounded.
The killer bee stings you.
* * * LOW HITPOINT WARNING * * *
The gnoll sergeant hits you from afar with a +0 spear.
* * * LOW HITPOINT WARNING * * *
You hit the killer bee. Your headbutt misses the killer bee.
The killer bee is almost dead.
The killer bee stings you but does no damage.
You block the gnoll sergeant's attack. The killer bee barely misses you.
You furiously retaliate!
You headbutt the killer bee!
You kill the killer bee!
Your Fighting skill increases to level 9!
Your Armour skill increases to level 9!
The gnoll sergeant hits you with a +0 spear.
You die...
Your body crumbles into a pile of gold.

▓)▓
▓.▓
▓[▓
▓[▓
▓[▓
▓.▓
▓.▓
▓$▓
▓@▓
▓g▓
▓{▓
▓o▓
▓.▓
▓.▓
▓+▓


You could see an orc warrior and a gnoll sergeant.

Vanquished Creatures
  An orc warrior (D)
  A black bear (D)
  2 killer bees (D)
  A howler monkey (D)
  An iguana (D)
  An adder (D)
  A white imp (D)
  2 bats (D)
  A hobgoblin (D)
  A jackal (D)
  A rat (D)
13 creatures vanquished.

Notes
Turn   | Place    | Note
-------+----------+-------------------------------------------
     0 | D        | Heoruswealwe the Minotaur Fighter began the quest for the
                  | Orb.
     0 | D        | Reached XP level 1. HP: 19/19 MP: 0/0
     6 | D        | Reached skill level 3 in Polearms
    17 | D        | Noticed a howler monkey
    17 | D        | Noticed an iguana
    17 | D        | Noticed a black bear
    23 | D        | Killed a howler monkey
    24 | D        | Reached skill level 5 in Fighting
    24 | D        | Reached skill level 6 in Polearms
    24 | D        | Reached skill level 5 in Armour
    24 | D        | Reached XP level 2. HP: 23/29 MP: 1/1
    24 | D        | Reached XP level 3. HP: 28/36 MP: 2/2
    27 | D        | Killed a black bear
    28 | D        | Reached skill level 8 in Polearms
    28 | D        | Reached XP level 4. HP: 37/45 MP: 3/3
    32 | D        | Reached skill level 9 in Polearms
    32 | D        | Reached XP level 5. HP: 34/52 MP: 4/4
    48 | D        | Found a snail-covered altar of Cheibriados.
    48 | D        | Found a shadowy altar of Dithmenos.
    48 | D        | Found a white marble altar of Elyvilon.
    48 | D        | Found a blossoming altar of Fedhas.
    48 | D        | Found an opulent altar of Gozag.
    49 | D        | Found a hazy altar of Hepliaklqana.
    50 | D        | Found a viscous altar of Jiyva.
    51 | D        | Found an ancient bone altar of Kikubaaqudgha.
    52 | D        | Found a corrupted altar of Lugonu.
    53 | D        | Found a burning altar of Makhleb.
    54 | D        | Found a sparkling altar of Nemelex Xobeh.
    55 | D        | Found an iron altar of Okawaru.
    56 | D        | Became a worshipper of Gozag Ym Sagoz the Greedy
    57 | D        | Found a stormy altar of Qazlal.
    58 | D        | Found a sacrificial altar of Ru.
    59 | D        | Found a shimmering blue altar of Sif Muna.
    60 | D        | Found a bloodstained altar of Trog.
    61 | D        | Found a hide-covered altar of Uskayaw.
    62 | D        | Found a radiant altar of Vehumet.
    63 | D        | Found an ornate altar of the Wu Jian Council.
    64 | D        | Found a shimmering altar of Xom.
    65 | D        | Found a basalt altar of Yredelemnul.
    66 | D        | Found a glowing silver altar of Zin.
    67 | D        | Found a glowing golden altar of the Shining One.
    92 | D        | Noticed an orc warrior
    92 | D        | Noticed an orc warrior
    92 | D        | Noticed a shadow
    94 | D        | Reached skill level 10 in Polearms
   108 | D        | Killed an orc warrior
   109 | D        | Reached skill level 11 in Polearms
   109 | D        | Reached XP level 6. HP: 11/62 MP: 5/5
   111 | D        | HP: 2/62 [gnoll sergeant/+0 spear (6)]
   113 | D        | Slain by a gnoll sergeant

Illustrated notes

Levels and vault maps discovered:
D:        linesprint [early_d, line_temple, items_1, d_10, items_2, lair_1,
          lair_end, items_3, orc_1, orc_end, items_4, d_15, swamp_1, shoals_1,
          snake_1, spider_1, d_20, vaults_1, items_5, swamp_end, shoals_end,
          snake_end, spider_end, vaults_end, d_27, items_6, zot_1, zot_end,
          crypt_end, forest_end, elf_end, slime_end, tomb_end, abyss_end,
          pan_hell_end]

Skill      XL: |  1  2  3  4  5  6 |
---------------+-------------------+-----
Polearms       | 6 8 9 11 | 11.7
Fighting       | 5 6 7 8 9 |  9.0
Armour         | 5 6 7 8 9 |  9.0
Shields        | |  3.6

Action                     |  1- 3 |  4- 6 || total
---------------------------+-------+-------++-------
  Melee: Trident           |    17 |    33 ||    50
         Headbutt          |     3 |     5 ||     8
 Armour: Scale mail        |    13 |    16 ||    29
  Dodge: Dodged            |     7 |    12 ||    19
  Block: Buckler           |     3 |     6 ||     9
